BSA
FRESNO DEPLORABLES @ SAN FRANCISCO BANDITS
08/22/2027
 
TOP OF THE 1ST
Fresno Deplorables batting - Pitching for San Francisco Bandits : RHP Mabuchi Yoshida
Pitching: RHP Mabuchi Yoshida
Batting: RHB Dani Vázquez 0-0: Ground out 4-3 (Groundball, 4M)
Batting: LHB Paul Mullins 0-0: SINGLE (Groundball, 34D)
Batting: LHB Jeff Daniels 0-0: Ball
1-0: SINGLE (Groundball, 4D)
Paul Mullins to second
Runner from 2nd tries for 3rd, SAFE, throw made to third
Batting: LHB Troy Donaldson 0-0: Ball
1-0: Ball
2-0: Grounds into double play, 3-6-3 (Groundball, 34)
Top of the 1st over - 0 run(s), 2 hit(s), 0 error(s), 1 left on base; Fresno 0 - San Francisco 0
BOTTOM OF THE 1ST
San Francisco Bandits batting - Pitching for Fresno Deplorables : RHP Dionisio Penni
Pitching: RHP Dionisio Penni
Batting: RHB Javier Ramírez 0-0: Ball
1-0: Called Strike
1-1: Foul Ball, location: 2F
1-2: Strikes out swinging
Batting: RHB Scott Merritt 0-0: Foul Ball, location: 2F
0-1: Called Strike
0-2: DOUBLE (Popup, 5D)
Batting: LHB Jerry Bryan 0-0: Called Strike
0-1: Ball
1-1: Ball
2-1: Ball
3-1: Foul Ball, location: 2F
3-2: Strikes out looking
Batting: LHB Jack Hewat 0-0: Swinging Strike
0-1: Called Strike
0-2: Foul Ball, location: 2F
0-2: Ball
1-2: Strikes out swinging
Bottom of the 1st over - 0 run(s), 1 hit(s), 0 error(s), 1 left on base; Fresno 0 - San Francisco 0
TOP OF THE 2ND
Fresno Deplorables batting - Pitching for San Francisco Bandits : RHP Mabuchi Yoshida
Batting: RHB Paco Arellano 0-0: Ball
1-0: Foul Ball, location: 2F
1-1: Ground out 5-3 (Groundball, 2L)
Batting: RHB Manolo Román 0-0: Called Strike
0-1: Ball
1-1: Foul Ball, location: 2F
1-2: Ball
2-2: Ball
3-2: SINGLE (Groundball, 6S) (infield hit)
Batting: RHB Aaron Scott 0-0: Fly out, F8 (Flyball, 8LS)
Batting: RHB Germán Rosales 0-0: Called Strike
0-1: Ball
1-1: Ball
2-1: Called Strike
2-2: Ball
3-2: Ground out 1-3 (Groundball, 15S)
Top of the 2nd over - 0 run(s), 1 hit(s), 0 error(s), 1 left on base; Fresno 0 - San Francisco 0
BOTTOM OF THE 2ND
San Francisco Bandits batting - Pitching for Fresno Deplorables : RHP Dionisio Penni
Batting: RHB Naomichi Aoki 0-0: Ball
1-0: Ball
2-0: Ball
3-0: Swinging Strike
3-1: Foul Ball, location: 2F
3-2: Base on Balls
Batting: LHB Mel Jones 0-0: Called Strike
0-1: Ground out 5-3 (Groundball, 56S)
Naomichi Aoki to second
Batting: RHB Ramón Ruíz 0-0: Fly out, F8 (Flyball, 78S)
Batting: RHB José Sánchez 0-0: Ball
1-0: Foul Ball, location: 2F
1-1: Called Strike
1-2: Ball
2-2: Strikes out swinging
Bottom of the 2nd over - 0 run(s), 0 hit(s), 0 error(s), 1 left on base; Fresno 0 - San Francisco 0
TOP OF THE 3RD
Fresno Deplorables batting - Pitching for San Francisco Bandits : RHP Mabuchi Yoshida
Batting: LHB Clinton Clark 0-0: Ball
1-0: Fly out, F8 (Line Drive, 8LS)
Batting: RHB Dani Vázquez 0-0: Called Strike
0-1: Ball
1-1: Called Strike
1-2: Foul Ball, location: 2F
1-2: Fly out, F3 (Popup, 34)
Batting: LHB Paul Mullins 0-0: Called Strike
0-1: Foul Ball, location: 2F
0-2: Ball
1-2: Ball
2-2: SINGLE (Line Drive, 34)
Batting: LHB Jeff Daniels 0-0: Called Strike
0-1: Ball
1-1: 2-RUN HOME RUN (Flyball, 7LD), Distance : 384 ft
Batting: LHB Troy Donaldson 0-0: Foul Ball, location: 2F
0-1: Called Strike
0-2: Ball
1-2: Ground out 5-3 (Groundball, 5)
Top of the 3rd over - 2 run(s), 2 hit(s), 0 error(s), 0 left on base; Fresno 2 - San Francisco 0
BOTTOM OF THE 3RD
San Francisco Bandits batting - Pitching for Fresno Deplorables : RHP Dionisio Penni
Batting: RHB Miguel Mendoza 0-0: Ball
1-0: Called Strike
1-1: Called Strike
1-2: Fly out, F3 (Line Drive, 3S)
Batting: RHB Javier Ramírez 0-0: Ball
1-0: Foul Ball, location: 2F
1-1: Ball
2-1: Foul Ball, location: 2F
2-2: DOUBLE (Line Drive, 9LS)
Batting: RHB Scott Merritt 0-0: Called Strike
0-1: Foul Ball, location: 2F
0-2: Strikes out swinging
Batting: LHB Jerry Bryan 0-0: Ball
1-0: Called Strike
1-1: Called Strike
1-2: Strikes out looking
Bottom of the 3rd over - 0 run(s), 1 hit(s), 0 error(s), 1 left on base; Fresno 2 - San Francisco 0
TOP OF THE 4TH
Fresno Deplorables batting - Pitching for San Francisco Bandits : RHP Mabuchi Yoshida
Batting: RHB Paco Arellano 0-0: Foul Ball, location: 2F
0-1: Ball
1-1: Ball
2-1: Foul Ball, location: 2F
2-2: Foul Ball, location: 2F
2-2: SINGLE (Line Drive, 9S)
Batting: RHB Manolo Román 0-0: Ball
1-0: Called Strike
1-1: Swinging Strike
1-2: Foul Ball, location: 2F
1-2: Strikes out swinging
Batting: RHB Aaron Scott 0-0: Foul Ball, location: 2F
0-1: Swinging Strike
0-2: Strikes out looking
Batting: RHB Germán Rosales 0-0: Ball
1-0: Ball
2-0: Fielders Choice at 2nd, 4-6 (Groundball, 4)
Top of the 4th over - 0 run(s), 1 hit(s), 0 error(s), 0 left on base; Fresno 2 - San Francisco 0
BOTTOM OF THE 4TH
San Francisco Bandits batting - Pitching for Fresno Deplorables : RHP Dionisio Penni
Batting: LHB Jack Hewat 0-0: Ball
1-0: Ball
2-0: Ball
3-0: Foul Ball, location: 2F
3-1: Base on Balls
Batting: RHB Naomichi Aoki 0-0: Called Strike
0-1: Ball
1-1: Called Strike
1-2: Ball
2-2: Ball
3-2: Base on Balls
Jack Hewat to second
Batting: LHB Mel Jones 0-0: Called Strike
0-1: Swinging Strike
0-2: Ball
1-2: Foul Ball, location: 2F
1-2: DOUBLE (Line Drive, 9LM)
Jack Hewat scores
Naomichi Aoki to third
Batting: RHB Ramón Ruíz 0-0: Called Strike
0-1: Ball
1-1: Ball
2-1: Ball
3-1: Foul Ball, location: 2F
3-2: SINGLE (Line Drive, 4)
Naomichi Aoki scores
Mel Jones to third
Runner from 3rd tries for Home, SAFE, no throw
Batting: RHB José Sánchez 0-0: Ball
1-0: Foul Ball, location: 2F
1-1: Called Strike
1-2: Ball
2-2: Ball
3-2: Strikes out swinging
Batting: RHB Miguel Mendoza 0-0: Ball
1-0: Ball
2-0: Ball
3-0: Called Strike
3-1: Fly out, F6 (Line Drive, 6)
Batting: RHB Javier Ramírez 0-0: Called Strike
0-1: Called Strike
0-2: Fielders Choice at 2nd, 4-6 (Groundball, 4)
Bottom of the 4th over - 3 run(s), 2 hit(s), 0 error(s), 0 left on base; Fresno 2 - San Francisco 3
TOP OF THE 5TH
Fresno Deplorables batting - Pitching for San Francisco Bandits : RHP Mabuchi Yoshida
Batting: LHB Clinton Clark 0-0: Ball
1-0: DOUBLE (Groundball, 3L)
Batting: RHB Dani Vázquez 0-0: Ball
1-0: Called Strike
1-1: Called Strike
1-2: Ground out 6-3 (Groundball, 56)
Batting: LHB Paul Mullins 0-0: Called Strike
0-1: Ball
1-1: Foul Ball, location: 2F
1-2: Ball
2-2: 2-RUN HOME RUN (Flyball, 8LXD), Distance : 420 ft
Batting: LHB Jeff Daniels 0-0: Foul Ball, location: 2F
0-1: Ground out 5-3 (Groundball, 5L)
Batting: LHB Troy Donaldson 0-0: Reached on error, E3 (Groundball, 34)
Batting: RHB Paco Arellano 0-0: Ball
1-0: Called Strike
1-1: Ball
2-1: Foul Ball, location: 2F
2-2: Fielders Choice at 2nd, 6-4 (Groundball, 6)
Top of the 5th over - 2 run(s), 2 hit(s), 1 error(s), 0 left on base; Fresno 4 - San Francisco 3
BOTTOM OF THE 5TH
San Francisco Bandits batting - Pitching for Fresno Deplorables : RHP Dionisio Penni
Batting: RHB Scott Merritt 0-0: Foul Ball, location: 2F
0-1: Foul Ball, location: 2F
0-2: Strikes out swinging
Batting: LHB Jerry Bryan 0-0: Called Strike
0-1: Ball
1-1: Foul Ball, location: 2F
1-2: Strikes out swinging
Batting: LHB Jack Hewat 0-0: Ball
1-0: Ball
2-0: Called Strike
2-1: Ground out 1-3 (Groundball, P)
Bottom of the 5th over - 0 run(s), 0 hit(s), 0 error(s), 0 left on base; Fresno 4 - San Francisco 3
TOP OF THE 6TH
Fresno Deplorables batting - Pitching for San Francisco Bandits : RHP Mabuchi Yoshida
Batting: RHB Manolo Román 0-0: Foul Ball, location: 2F
0-1: Ball
1-1: Called Strike
1-2: Foul Ball, location: 2F
1-2: Ball
2-2: Ground out 5-3 (Groundball, 25)
Batting: RHB Aaron Scott 0-0: Called Strike
0-1: Ball
1-1: Foul Ball, location: 2F
1-2: Fly out, F8 (Flyball, 8RD)
Batting: RHB Germán Rosales 0-0: Fly out, F4 (Popup, 4D)
Top of the 6th over - 0 run(s), 0 hit(s), 0 error(s), 0 left on base; Fresno 4 - San Francisco 3
BOTTOM OF THE 6TH
San Francisco Bandits batting - Pitching for Fresno Deplorables : RHP Dionisio Penni
Batting: RHB Naomichi Aoki 0-0: Ball
1-0: Fly out, F9 (Flyball, 89XD)
Batting: LHB Mel Jones 0-0: Foul Ball, location: 2F
0-1: Ball
1-1: Called Strike
1-2: Ball
2-2: Fly out, F8 (Flyball, 78D)
Batting: RHB Ramón Ruíz 0-0: Fly out, F8 (Flyball, 8RD)
Bottom of the 6th over - 0 run(s), 0 hit(s), 0 error(s), 0 left on base; Fresno 4 - San Francisco 3
TOP OF THE 7TH
Fresno Deplorables batting - Pitching for San Francisco Bandits : RHP Mabuchi Yoshida
Batting: LHB Clinton Clark 0-0: Ball
1-0: Swinging Strike
1-1: Foul Ball, location: 2F
1-2: Ball
2-2: Strikes out swinging
Batting: RHB Dani Vázquez 0-0: Called Strike
0-1: Foul Ball, location: 2F
0-2: Ball
1-2: Ball
2-2: Fly out, F8 (Flyball, 8RM)
Batting: LHB Paul Mullins 0-0: Called Strike
0-1: Foul Ball, location: 2F
0-2: Ball
1-2: Ground out 4-3 (Groundball, 4M)
Top of the 7th over - 0 run(s), 0 hit(s), 0 error(s), 0 left on base; Fresno 4 - San Francisco 3
BOTTOM OF THE 7TH
San Francisco Bandits batting - Pitching for Fresno Deplorables : RHP Dionisio Penni
Batting: RHB José Sánchez 0-0: Swinging Strike
0-1: Foul Ball, location: 2F
0-2: Fly out, F9 (Flyball, 9LS)
Batting: RHB Miguel Mendoza 0-0: Ball
1-0: Ball
2-0: Fly out, F9 (Flyball, 9LM)
Batting: RHB Javier Ramírez 0-0: Ball
1-0: Ball
2-0: Swinging Strike
2-1: Ball
3-1: Base on Balls
Pitching: RHP José Rivera
Pinch Hitting: RHB Cory Foster 0-0: Ball
Javier Ramírez steals 2nd base
1-0: Swinging Strike
1-1: Ball
2-1: SINGLE (Groundball, 4D)
Javier Ramírez to third
Runner from 3rd tries for Home, SAFE, no throw
Batting: LHB Jerry Bryan 0-0: SINGLE (Groundball, 34) (infield hit)
Cory Foster to second
Batting: LHB Jack Hewat 0-0: Foul Ball, location: 2F
0-1: Ball
1-1: Called Strike
1-2: Foul Ball, location: 2F
1-2: Fielders Choice at 2nd, 4-6 (Groundball, 4)
Bottom of the 7th over - 1 run(s), 2 hit(s), 0 error(s), 1 left on base; Fresno 4 - San Francisco 4
TOP OF THE 8TH
Fresno Deplorables batting - Pitching for San Francisco Bandits : RHP Mabuchi Yoshida
Now in CF: Cory Foster
Batting: LHB Jeff Daniels 0-0: Called Strike
0-1: Ground out 4-3 (Groundball, 4S)
Batting: LHB Troy Donaldson 0-0: Called Strike
0-1: Foul Ball, location: 2F
0-2: Foul Ball, location: 2F
0-2: Ball
1-2: Foul Ball, location: 2F
1-2: Fly out, F9 (Flyball, 89S)
Batting: RHB Paco Arellano 0-0: Called Strike
0-1: Ball
1-1: Foul Ball, location: 2F
1-2: Ball
2-2: Strikes out looking
Top of the 8th over - 0 run(s), 0 hit(s), 0 error(s), 0 left on base; Fresno 4 - San Francisco 4
BOTTOM OF THE 8TH
San Francisco Bandits batting - Pitching for Fresno Deplorables : RHP José Rivera
Batting: RHB Naomichi Aoki 0-0: Called Strike
0-1: Ball
1-1: Fly out, F7 (Flyball, 7)
Batting: LHB Mel Jones 0-0: Called Strike
0-1: Swinging Strike
0-2: Foul Ball, location: 2F
0-2: Ball
1-2: Foul Ball, location: 2F
1-2: Foul Ball, location: 2F
1-2: Foul Ball, location: 2F
1-2: SOLO HOME RUN (Line Drive, 8LXD), Distance : 437 ft
Batting: RHB Ramón Ruíz 0-0: Called Strike
0-1: Ball
1-1: Ball
2-1: Fly out, F9 (Flyball, 9LM)
Batting: RHB José Sánchez 0-0: Called Strike
0-1: Ball
1-1: SINGLE (Groundball, 4MD)
Batting: RHB Miguel Mendoza 0-0: Fielders Choice at 2nd, 5-4 (Groundball, 5)
Bottom of the 8th over - 1 run(s), 2 hit(s), 0 error(s), 0 left on base; Fresno 4 - San Francisco 5
TOP OF THE 9TH
Fresno Deplorables batting - Pitching for San Francisco Bandits : RHP Mabuchi Yoshida
Pitching: RHP Kunihiko Daikawa
Now at C: Ángel Hernández
Now at 1B: Gustavo Ortíz
Batting: RHB Manolo Román 0-0: Ball
1-0: Ball
2-0: Ball
3-0: Called Strike
3-1: Base on Balls
Pinch Runner at 1st John Cotton:
Batting: RHB Aaron Scott 0-0: Sac Bunt - play at first, batter OUT! 5-4
John Cotton to second
Batting: RHB Germán Rosales 0-0: Ground out U3 (Groundball, 3L)
John Cotton to third
Batting: LHB Clinton Clark 0-0: Ball
1-0: Called Strike
1-1: Called Strike
1-2: Strikes out looking
Top of the 9th over - 0 run(s), 0 hit(s), 0 error(s), 1 left on base; Fresno 4 - San Francisco 5
Thursday, March 30th, 2017 - OOTP Baseball 17.12 Build 75